 Dungeon Crawl Stone Soup version 0.28.0-53-g5a82cb258f (webtiles) character file.

Game seed: 14496883518871671432

184 funkygono the Slasher (level 5, -2/46 HPs)
             Began as a Minotaur Fighter on July 7, 2022.
             Slain by a kobold brigand
             ... wielding a +1 dagger of holy wrath
              (5 damage)
             ... in a sewer.
             The game lasted 00:03:27 (2119 turns).

funkygono the Slasher (Minotaur Fighter)            Turns: 2119, Time: 00:03:27

Health: -2/46      AC:  7    Str: 29    XL:     5   Next: 36%
Magic:  4/4        EV: 10    Int:  5    God:
Gold:   111        SH:  4    Dex:  9    Spells: 4/4 levels left

rFire   . . .      SeeInvis .   a - +0 long sword
rCold   . . .      Faith    .   c - +0 buckler
rNeg    . . .      Spirit   .   b - +0 scale mail
rPois   .          Reflect  .   (helmet restricted)
rElec   .          Harm     .   (no cloak)
rCorr   .          Rampage  .   (no gloves)
Will    .....                   (no boots)
Stlth   ..........              g - amulet of magic regeneration
HPRegen 0.15/turn               l - +6 ring of strength
MPRegen 0.49/turn               (no ring)

@: mighty, very slow
A: horns 2, retaliatory headbutt
a: no special abilities


You were in a sewer.
You visited 1 branch of the dungeon, and saw 3 of its levels.
You also visited: Sewer.

You collected 111 gold pieces.

Inventory:

Hand Weapons
 a - a +0 long sword (weapon)
Missiles
 f - 9 poisoned darts (quivered)
Armour
 b - a +0 scale mail (worn)
 c - a +0 buckler (worn)
Magical Staves
 k - a staff of air
Jewellery
 g - an amulet of magic regeneration (around neck)
 l - a +6 ring of strength (left hand)
Scrolls
 e - a scroll of fog {unknown}
 h - a scroll of magic mapping {unknown}
 i - 6 scrolls of identify {unknown}
Potions
 j - a potion of lignification {unknown}


   Skills:
 + Level 4.2 Fighting
 + Level 4.8 Long Blades
 + Level 4.7 Armour
 + Level 1.2 Dodging
 + Level 4.4 Shields


You had 4 spell levels left.
You didn't know any spells.
Your spell library contained the following spells:

 Spells                   Type           Power      Damage    Failure   Level
 Animate Skeleton         Necr           0%         N/A       80%         1
 Apportation              Tloc           0%         N/A       80%         1
 Summon Small Mammal      Summ           0%         N/A       80%         1


Dungeon Overview and Level Annotations

Branches:
Dungeon (3/15)              Sewer (1/1)

Altars:


Innate Abilities, Weirdness & Mutations

You have a pair of horns on your head.
You reflexively headbutt those who attack you in melee.


Message History

The kobold brigand wields a +0 hand crossbow.
The kobold brigand shoots a bolt.
The bolt closely misses you.
Things that are here:
a +0 whip; 6 poisoned darts You closely miss the kobold brigand.
The kobold brigand is lightly wounded.
The kobold brigand unwields a +0 hand crossbow.
The kobold brigand wields a +1 dagger of holy wrath.
It softly glows with a divine radiance!
The kobold brigand closely misses you.
The kobold brigand throws a poisoned dart.
The poisoned dart closely misses you.
The kobold brigand hits you with a +1 dagger of holy wrath.
You slash the kobold!
You kill the kobold!
You hear a splash. x2
The kobold brigand hits you but does no damage.
You enter the shallow water.
Moving in this stuff is going to be slow.
The kobold brigand hits you with a +0 dagger.
The kobold brigand hits you with a +0 dagger!
Things that are here:
a +0 whip; 3 stones You closely miss the kobold brigand.
The kobold brigand hits you with a +1 dagger of holy wrath.
The kobold brigand hits you but does no damage.
The kobold brigand hits you with a +1 dagger of holy wrath.
Unknown command.
You slash the kobold brigand! You headbutt the kobold brigand!
The kobold brigand is severely wounded.
The kobold brigand hits you with a +0 dagger.
The kobold brigand hits you with a +1 dagger of holy wrath.
* * * LOW HITPOINT WARNING * * *
You miss the kobold brigand.
The kobold brigand hits you but does no damage.
The kobold brigand closely misses you.
The kobold brigand hits you with a +0 dagger!
* * * LOW HITPOINT WARNING * * *
You feel very mighty all of a sudden.
The kobold brigand hits you with a +1 dagger of holy wrath.
You die...

### # ## ############ #∩#
#.###.##..≈.≈..≈..###.###
#.....#.@≈≈≈≈.≈≈.≈.....##
#.....#KK≈≈≈≈≈≈≈≈≈≈≈≈≈≈≈≈
#.....).)≈≈≈≈≈≈≈≈≈≈≈≈≈≈≈≈
#.....#.≈≈≈≈≈≈≈≈≈≈≈≈≈≈≈≈≈
#..≈..#≈≈≈≈≈≈≈≈≈≈..≈...##
#.≈≈≈.#....≈..)≈.#######
##.≈..#########≈## ##..##
#÷# ### #≈#


You could see 2 kobold brigands.

Vanquished Creatures
  An orc priest (D:3)
  An orc wizard (D:3)
  5 adders
  2 river rats (Sewer)
  A dart slug (D:1)
  2 orcs (D:3)
  A ball python (D:1)
  3 endoplasms
  2 giant cockroaches
  7 goblins (D:1)
  4 hobgoblins
  4 jackals
  5 quokkas
  6 bats
  2 frilled lizards
  9 kobolds
  8 rats
63 creatures vanquished.

Notes
Turn   | Place    | Note
-------+----------+-------------------------------------------
     0 | D:1      | funkygono the Minotaur Fighter began the quest for the Orb.
     0 | D:1      | Reached XP level 1. HP: 19/19 MP: 0/0
   199 | D:1      | Reached XP level 2. HP: 27/27 MP: 1/1
   523 | D:1      | Reached XP level 3. HP: 33/33 MP: 2/2
  1340 | D:2      | Reached XP level 4. HP: 36/40 MP: 3/3
  1525 | D:3      | Reached skill level 1 in Dodging
  1525 | D:3      | Reached XP level 5. HP: 22/46 MP: 4/4
  1692 | D:3      | Found a glowing drain.
  1732 | Sewer    | Entered a sewer
  2119 | Sewer    | Slain by a kobold brigand

Illustrated notes

Levels and vault maps discovered:
D:1:      minmay_arrival_stone_box, layout_rooms, supply_closet_lemuel,
          chequers_serial_rivers_micro_b, minivault_26
D:2:      cheibrodos_helix_gallery, layout_loops_ring
D:3:      layout_loops_cross, gammafunk_temple_overflow_elements,
          hellmonk_ecumenical_altar_prayer_group, gup_sewer_entry_bowl,
          nicolae_shop_unique_rings
Sewer:    sewer_kobolds

Skill      XL: |  1  2  3  4 |
---------------+-------------+-----
Shields        | 4 |  4.4
Armour         | 4 |  4.7
Long Blades    | 3 4 |  4.8
Fighting       | 4 |  4.2
Dodging        | 1 |  1.2

Action                   |  1- 3 |  4- 6 || total
-------------------------+-------+-------++-------
Melee: Long sword        |    87 |    67 ||   154
       Headbutt          |     7 |     4 ||    11
  Use: Potion            |       |     1 ||     1
Armor: Scale mail        |    48 |    45 ||    93
Dodge: Dodged            |    52 |    59 ||   111
Block: Buckler           |    25 |    13 ||    38
